 Dungeon Crawl Stone Soup version 0.18.1-50-g88ac8fd (webtiles) character file.

606 Gargoyl the Covered (level 7, -2/54 HPs)
             Began as a Demonspawn Abyssal Knight on Oct 1, 2016.
             Was an Elder of Lugonu.
             Slain by an ogre
             ... wielding a +0 giant club
              (21 damage)
             ... on level 4 of the Dungeon.
             The game lasted 00:10:14 (4185 turns).

Gargoyl the Covered (Demonspawn Abyssal Knight)     Turns: 4185, Time: 00:10:15

Health: -2/54      AC: 14    Str: 13 (14) XL:     7   Next: 19%
Magic:  10/10      EV: 10    Int: 12 (14) God:    Lugonu [****..]
Gold:   259        SH:  2    Dex: 11 (12) Spells: 0 memorised, 6 levels left

rFire  . . .     SeeInvis .     a - +1 hand axe
rCold  . . .     Gourm    .     g - +0 chain mail
rNeg   . . .     Faith    .     (no shield)
rPois  .         Spirit   .     k - +2 helmet
rElec  .         Dismiss  .     (no cloak)
rCorr  .         Reflect  .     (no gloves)
SustAt .         Harm     .     (no boots)
MR     +....                    (no amulet)
Stlth  ..........               (no ring)
                                q - +4 ring of evasion

@: somewhat resistant to hostile enchantments, extremely unstealthy
A: large bone plates 1, magic resistance 1, powered by pain 2
a: Depart the Abyss, Bend Space, Banish, Corrupt, Renounce Religion


You were on level 4 of the Dungeon.
You worshipped Lugonu.
Lugonu was greatly pleased with you.
You were not hungry.

You visited 1 branch of the dungeon, and saw 4 of its levels.
You visited the Abyss 1 time.

You collected 259 gold pieces.

Inventory:

Hand Weapons
 a - a +1 hand axe (weapon)
Armour
 g - a +0 chain mail (worn)
 k - a +2 helmet (worn)
Jewellery
 q - a +4 ring of evasion (left hand)
Wands
 n - a wand of confusion (26/48)
 o - a wand of random effects (2/48)
Scrolls
 e - a scroll of teleportation
 f - a scroll of fear {unknown}
 h - 2 scrolls of amnesia
 j - 3 scrolls of identify
Comestibles
 b - a chunk of flesh
 c - 2 bread rations
 d - 3 meat rations
 i - a beef jerky


   Skills:
 + Level 4.2 Fighting
 + Level 3.2 Axes
 * Level 4.8 Armour
 + Level 2.2 Dodging
 * Level 4.6 Invocations


You had 6 spell levels left.
You didn't know any spells.

Dungeon Overview and Level Annotations

Branches:
Dungeon (4/15)
 Temple: D:4-7

Altars:
Pakellas
Sif Muna
Xom


Innate Abilities, Weirdness & Mutations

You are partially covered in large bone plates (AC +2, SH +2).
You sometimes gain power by taking damage.
You are resistant to hostile enchantments.


Message History

Zapping:
o - a wand of random effects {zapped: 2} (will waste charges)
Press: ? - help, Shift-Dir - straight line, f - ogre
Aim: an ogre, wielding a giant club The ogre resists with some effort.
Evoking this partially-identified wand wasted a few charges.
Zapping:
o - a wand of random effects {zapped: 4} (will waste charges)
Press: ? - help, Shift-Dir - straight line, f/p - ogre
Aim: an ogre, wielding a giant club The mass of ice explodes!
The iceblast engulfs the ogre.
The ogre is moderately wounded.
Evoking this partially-identified wand wasted a few charges.
Zapping:
o - a wand of random effects {zapped: 6} (will waste charges)
Press: ? - help, Shift-Dir - straight line, f/p - ogre
Aim: an ogre, wielding a giant club (moderately wounded)
The ogre flickers and vanishes!
Deactivating autopickup; reactivate with Ctrl-A.
Evoking this partially-identified wand wasted a few charges.
You hit something. Something hits you!!
You closely miss something. Something hits you!!
You die...

###...### .
.... ..# #..
#..##.# ###...#
#..#.###....#.
#.#..#..#....
#..#...#..#
##..#....#
#..).)..##
#.#.@...###
#.#.{.....###
##.##.###...[##
.##..##(#
#.....#
......(.#
#######
#######.# #..
#$.# #...


There were no monsters in sight!

Vanquished Creatures
  Duvessa (D:4)
  A phantom (D:4)
  Dowan (D:4)
  A scorpion (D:4)
  A giant frog skeleton (D:3)
  3 worker ants (D:4)
  Robin (D:3)
  12 adders
  2 dart slugs
  2 giant geckos
  6 orcs
  6 giant cockroaches
  19 goblins
  8 hobgoblins
  10 jackals
  3 quokkas
  2 ball pythons
  8 bats
  3 giant newts
  14 kobolds
  8 rats
112 creatures vanquished.

Notes
Turn   | Place    | Note
--------------------------------------------------------------
     0 | Abyss:1  | Gargoyl the Demonspawn Abyssal Knight began the quest for the Orb.
     0 | Abyss:1  | Reached XP level 1. HP: 18/18 MP: 2/2
    56 | Abyss:2  | Noticed a freezing wraith
    66 | Abyss:2  | Noticed a large abomination
    66 | D:1      | Escaped the Abyss
    96 | D:1      | Reached * piety under Lugonu
   100 | D:1      | Reached skill level 1 in Dodging
   120 | D:1      | Gained mutation: You sometimes gain a little power by taking damage. [demonic ancestry]
   120 | D:1      | Reached XP level 2. HP: 20/24 MP: 3/3
   517 | D:1      | Gained mutation: You are partially covered in large bone plates (AC +2, SH +2). [demonic ancestry]
   517 | D:1      | Reached XP level 3. HP: 23/29 MP: 3/5
   910 | D:2      | Reached ** piety under Lugonu
  1010 | D:2      | Gained mutation: You sometimes gain power by taking damage. [demonic ancestry]
  1010 | D:2      | Reached XP level 4. HP: 19/35 MP: 6/6
  1461 | D:2      | Gained mutation: You are resistant to hostile enchantments. [potion of beneficial mutation]
  1741 | D:2      | You fall through a shaft!
  1790 | D:3      | Reached XP level 5. HP: 34/42 MP: 7/7
  1865 | D:3      | Noticed Robin
  1872 | D:3      | Reached *** piety under Lugonu
  1888 | D:3      | Killed Robin
  2596 | D:2      | Found a shimmering altar of Xom.
  2596 | D:2      | Found an oddly glowing altar of Pakellas.
  2950 | D:3      | Found a deep blue altar of Sif Muna.
  3398 | D:4      | Reached XP level 6. HP: 30/48 MP: 8/8
  3569 | D:4      | Reached **** piety under Lugonu
  4018 | D:4      | Noticed Duvessa
  4021 | D:4      | Noticed Dowan
  4054 | D:4      | Killed Duvessa
  4054 | D:4      | Reached XP level 7. HP: 14/54 MP: 10/10
  4058 | D:4      | Killed Dowan
  4185 | D:4      | Slain by an ogre

Skill      XL: |  1  2  3  4  5  6 |
---------------+-------------------+-----
Dodging        | 1 2 |  2.2
Armour         | 2 3 4 |  4.8
Axes           | 2 3 |  3.2
Invocations    | 3 4 |  4.6
Fighting       | 4 |  4.2

Action                   |  1- 3 |  4- 6 |  7- 9 || total
-------------------------+-------+-------+-------++-------
Melee: Hand axe          |   103 |   366 |     6 ||   475
Invok: Depart the Abyss  |     1 |       |       ||     1
Evoke: Wand              |       |       |     4 ||     4
  Use: Scroll            |       |     8 |       ||     8
       Potion            |       |     5 |       ||     5
 Stab: Invisible         |       |     6 |       ||     6
  Eat: Chunk             |       |    11 |     1 ||    12
Armor: Scale mail        |    21 |       |       ||    21
       Leather armour    |     1 |       |       ||     1
       Chain mail        |    90 |   291 |     2 ||   383
Dodge: Dodged            |    56 |   188 |     3 ||   247
Block: Other             |     2 |    30 |       ||    32
